 Dungeon Crawl Stone Soup version 0.21-a0-507-ga8f6b7a (webtiles) character file.

131 slep the Skirmisher (level 4, 0/37 HPs)
             Began as a Demonspawn Monk on Nov 27, 2017.
             Slain by ricardofg's ghost (3 damage)
             ... on level 3 of the Dungeon.
             The game lasted 00:09:21 (2672 turns).

slep the Skirmisher (Demonspawn Monk)               Turns: 2672, Time: 00:09:22

Health: 0/37       AC:  8    Str:  9 (12) XL:     4   Next: 91%
Magic:  1/1        EV:  1    Int: 10 (12) God:
Gold:   233        SH:  7    Dex: 13 (15) Spells: 3/3 levels left

rFire    . . .     SeeInvis .   s - +0 spear (antimagic)
rCold    . . .     Gourm    .   h - +0 shield
rNeg     . . .     Faith    .   i - +0 chain mail
rPois    .         Spirit   .   (no helmet)
rElec    .         Reflect  .   (no cloak)
rCorr    .         Harm     .   (no gloves)
MR       .....                  (no boots)
Stlth    ..........             (no amulet)
HPRegen  0.12/turn              (no ring)
MPRegen  0.07/turn              (no ring)

@: hasted, very quick
A: rot immunity
a: no special abilities


You were on level 3 of the Dungeon.
You were not hungry.

You visited 1 branch of the dungeon, and saw 3 of its levels.

You collected 233 gold pieces.

Inventory:

Hand Weapons
 a - a +0 spear
 s - a +0 antimagic spear (weapon)
Missiles
 r - 10 poisoned needles
 v - 8 needles of frenzy
Armour
 b - a +0 robe
 h - a +0 shield (worn)
 i - a +0 chain mail (worn)
Scrolls
 e - 3 scrolls of fear {unknown}
 g - a scroll of magic mapping {unknown}
 k - a scroll of teleportation {unknown}
 m - 2 scrolls of remove curse {unknown}
 o - a scroll of enchant armour {unknown}
 p - 3 scrolls of identify {unknown}
 t - a scroll of immolation {unknown}
Comestibles
 c - 2 bread rations
 f - 5 fruits
 j - 2 meat rations


   Skills:
 + Level 3.9 Fighting
 + Level 3.6 Polearms
 + Level 1.5 Armour
 + Level 3.0 Dodging
 + Level 1.8 Stealth
 + Level 1.0 Shields


You had 3 spell levels left.
You didn't know any spells.

Dungeon Overview and Level Annotations

Branches:
Dungeon (3/15)

Altars:
Dithmenos
The Shining One

Annotations:
D:3 ricardofg's ghost, amateur GnSk


Innate Abilities, Weirdness & Mutations

You are immune to rotting.


Message History

Ricardofg's ghost is moderately damaged.
Ricardofg's ghost hits you.
* * * LOW HITPOINT WARNING * * *
Ricardofg's ghost hits you.
* * * LOW HITPOINT WARNING * * *
You hit ricardofg's ghost.
Ricardofg's ghost is moderately damaged.
Ricardofg's ghost whispers, "Trust me.
Just give in."
Ricardofg's ghost hits you but does no damage.
You hit ricardofg's ghost but do no damage.
Ricardofg's ghost is moderately damaged.
Ricardofg's ghost hits you.
* * * LOW HITPOINT WARNING * * *
It was a potion of haste.
You feel yourself speed up.
Ricardofg's ghost hits you but does no damage.
It was a potion of magic.
Magic courses through your body.
Your shield and chain mail prevent you from hitting ricardofg's ghost.
Ricardofg's ghost is moderately damaged.
Ricardofg's ghost hits you.
You die...

#.# #.# #.# #.# ##.##
##...## ##..<..#######
#
#.)........†.###.####.
##.....###....@Wo.....
##...## #...###.#####
##.## ##### # ###


You could see ricardofg's ghost and an orc.

Vanquished Creatures
  A bullfrog zombie (D:3)
  3 gnolls
  An adder (D:2)
  A dart slug (D:1)
  4 orcs (D:3)
  9 bats
  8 giant cockroaches
  4 goblins
  4 hobgoblins
  2 ball pythons (D:2)
  4 frilled lizards
  6 kobolds
  7 rats
54 creatures vanquished.

Notes
Turn   | Place    | Note
-------+----------+-------------------------------------------
     0 | D:1      | slep the Demonspawn Monk began the quest for the Orb.
     0 | D:1      | Reached XP level 1. HP: 18/18 MP: 1/1
   115 | D:1      | Gained mutation: You are immune to rotting. [demonic ancestry]
   115 | D:1      | Reached XP level 2. HP: 14/24 MP: 2/2
   771 | D:2      | Reached XP level 3. HP: 27/29 MP: 3/3
  1141 | D:3      | Found a glowing golden altar of the Shining One.
  1899 | D:2      | Reached XP level 4. HP: 14/37 MP: 0/4
  2098 | D:3      | Reached skill level 1 in Armour
  2247 | D:3      | Reached skill level 1 in Shields
  2546 | D:3      | Found a shadowy altar of Dithmenos.
  2655 | D:3      | Noticed ricardofg's ghost (amateur GnSk)
  2672 | D:3      | Slain by ricardofg's ghost

Vault maps used:
D:1:      onia_arrival_pentagram
D:3:      nemelex_xobeh_ov_fountains_minmay, lemuel_crystal_altar,
          grunt_dithmenos_smoke_and_mirrors

Skill      XL: |  1  2  3  4 |
---------------+-------------+-----
Polearms       | 3 |  3.6
Dodging        | 3 |  3.0
Armour         | 1 |  1.5
Shields        | 1 |  1.0
Fighting       | |  3.9
Stealth        | |  1.8

Action                   |  1- 3 |  4- 6 || total
-------------------------+-------+-------++-------
Melee: Spear             |   197 |    99 ||   296
  Use: Potion            |       |     5 ||     5
  Eat: Chunk             |     3 |     3 ||     6
Armor: Robe              |     5 |       ||     5
       Chain mail        |    93 |    45 ||   138
Dodge: Dodged            |    45 |    12 ||    57
Block: Shield            |    66 |    29 ||    95

Table legend:
 A = Spawn XP
 B = Non-spawn XP
 C = Spawn XP percentage of total XP
 D = Spawn monster count
 E = Non-spawn monster count
 F = Spawn count percentage of total count
 G = Total turns spent on level
                    A         B        C        D         E        F      G
               +---------+---------+-------+---------+---------+-------+---------
         Total |       0 |     188 |   0.0 |       0 |      54 |   0.0 |  2672
               +---------+---------+-------+---------+---------+-------+---------
           D:1 |       0 |      31 |   0.0 |       0 |      19 |   0.0 |   797
           D:2 |       0 |      76 |   0.0 |       0 |      23 |   0.0 |  1248
           D:3 |       0 |      81 |   0.0 |       0 |      12 |   0.0 |   627
               +---------+---------+-------+---------+---------+-------+---------
